 Dungeon Crawl Stone Soup version 0.29-a0-838-g385bb11a5b (webtiles) character file.

Game seed: 5110682747305096406

1927 gruber the Destroyer (level 9, -11/45 HPs)
             Began as a Tengu Conjurer on July 13, 2022.
             Was an Initiate of Vehumet.
             Mangled by Duvessa
             ... wielding a +0 rapier
              (15 damage)
             ... on level 6 of the Dungeon.
             The game lasted 00:07:23 (7726 turns).

gruber the Destroyer (Tengu Conjurer)               Turns: 7726, Time: 00:07:23

Health: -11/45     AC:  7    Str:  7    XL:     9   Next: 17%
Magic:  0/16       EV: 14    Int: 22    God:    Vehumet [......]
Gold:   390        SH:  4    Dex: 16    Spells: 13/16 levels left

rFire   + + .      SeeInvis .   D - +2 mace (drain)
rCold   + + .      Faith    .   (no shield)
rNeg    . . .      Spirit   +   o - +1 leather armour of Compassion {rC++}
rPois   +          Reflect  .   (helmet restricted)
rElec   .          Harm     .   A - +0 cloak {Will+}
rCorr   .          Rampage  .   B - +0 pair of gloves
Will    +....                   (boots unavailable)
Stlth   ++........              k - amulet of Bacepnoa {Spirit rPois}
HPRegen 0.15/turn               p - ring of protection from fire
MPRegen 0.15/turn               j - ring of protection from fire

@: flying quickly and evasively, quick
A: beak, talons 3, nimble flight, antennae 1, large bone plates 1, agile 1
a: Renounce Religion


You were on level 6 of the Dungeon.
You worshipped Vehumet.
Vehumet was noncommittal.
You visited 2 branches of the dungeon, and saw 7 of its levels.

You collected 390 gold pieces.

Inventory:

Hand Weapons
 D - a +2 mace of draining (weapon)
Missiles
 i - 3 throwing nets
Armour
 o - the +1 leather armour of Compassion (worn) {rC++}
   (You found it on level 2 of the Dungeon)

   rC:        It greatly protects you from cold.
 A - a +0 cloak of willpower (worn)
 B - a +0 pair of gloves (worn)
Jewellery
 j - a ring of protection from fire (right hand)
 k - the amulet of Bacepnoa (around neck) {Spirit rPois}
   (You found it on level 2 of the Dungeon)

   [amulet of guardian spirit]

   It causes incoming damage to be divided between your reserves of health and
   magic.
   rPois:     It protects you from poison.
 p - a ring of protection from fire (left hand)
 x - a ring of protection from cold
 y - a ring of positive energy
Wands
 C - a wand of paralysis (13)
 E - a wand of mindburst (16)
Scrolls
 a - 2 scrolls of brand weapon {unknown}
 c - a scroll of summoning {unknown}
 f - 4 scrolls of teleportation {unknown}
 g - 2 scrolls of vulnerability {unknown}
 h - a scroll of torment {unknown}
 l - a scroll of fog {unknown}
 q - 2 scrolls of magic mapping {unknown}
 r - 2 scrolls of enchant armour {unknown}
 s - 7 scrolls of identify {unknown}
 w - 2 scrolls of amnesia {unknown}
Potions
 b - a potion of magic
 d - a potion of brilliance {unknown}
 e - 4 potions of lignification
 m - a potion of berserk rage {unknown}
 n - 2 potions of heal wounds {unknown}
 t - 2 potions of attraction {unknown}
 u - 2 potions of haste {unknown}
 v - a potion of ambrosia {unknown}
 z - a potion of curing {unknown}


   Skills:
 - Level 6.0 Armour
 - Level 2.1 Dodging
 - Level 2.0 Stealth
 - Level 3.0 Shields
 - Level 4.2 Spellcasting
 * Level 12.3 Conjurations


You had 13 spell levels left.
You knew the following spells:

 Your Spells              Type           Power      Damage    Failure   Level
a - Magic Dart            Conj           100%       1d8       1%          1
b - Searing Ray           Conj           100%       2d8       1%          2

Your spell library contained the following spells:

 Spells                   Type           Power      Damage    Failure   Level
 Conjure Flame            Conj/Fire      31%        6-21      3%          3
 Dazzling Flash           Conj/Hex       62%        N/A       3%          3
 Fulminant Prism          Conj/Hex       15%        3d11      12%         4
 Iskenderun's Mystic Bla  Conj/Tloc      31%        2d8       12%         4
 Sticky Flame             Conj/Fire      31%        2d5       12%         4
 Call Canine Familiar     Summ           4%         N/A       43%         3
 Ignite Poison            Fire/Tmut/Pois 4%         N/A       43%         3
 Portal Projectile        Hex/Tloc       8%         N/A       43%         3
 Leda's Liquefaction      Hex/Erth       2%         N/A       83%         4
 Starburst                Conj/Fire      15%        6d6       88%         6


Dungeon Overview and Level Annotations

Branches:
Dungeon (6/15)             Temple (1/1) D:5

Altars:
Dithmenos
Elyvilon
Hepliaklqana
Makhleb
Qazlal
Trog
Uskayaw
Vehumet
Wu Jian
Xom
Yredelemnul
Zin
The Shining One

Shops:
D:3 *   D:6 [

Annotations:
D:6 Duvessa


Innate Abilities, Weirdness & Mutations

You have a beak for a mouth.
You have claws for feet.
Your magical nature lets you fly swiftly and evasively.
You have a pair of small antennae on your head.
You are partially covered in large bone plates. (SH +4)
You are agile. (Dex +4, Str/Int -1)


Message History

Dowan is nearby!
You start waiting.
Dowan is nearby!
Dowan hits you with a +0 dagger.
You sock Dowan!
Dowan is moderately wounded.
Dowan misses you. Dowan closely misses you.
You barely miss Dowan. You claw Dowan.
Dowan is heavily wounded.
Dowan misses you.
You hit Dowan but do no damage. You drain Dowan. You claw Dowan.
You peck Dowan, but do no damage.
Dowan is almost dead.
You block Dowan's attack.
You closely miss Dowan. You peck Dowan.
You kill Dowan!
Vehumet accepts your kill.
You hear a distant scream of rage.
Magic restored.
HP restored.
Duvessa, Sister of Dowan comes into view.
She is wielding a +0 rapier.
Duvessa goes berserk!
Duvessa is nearby!
Duvessa rages.
Duvessa rages.
Duvessa hits you with a +0 rapier!
You hit Duvessa but do no damage. You claw Duvessa.
You peck Duvessa, but do no damage.
Duvessa is lightly wounded.
Duvessa hits you with a +0 rapier! Duvessa hits you with a +0 rapier!!
Duvessa attacks as you move away! Duvessa hits you with a +0 rapier.
Duvessa attacks as you move away! Duvessa hits you with a +0 rapier!
* * * LOW HITPOINT WARNING * * *
Duvessa misses you.
Okay, then.
Duvessa misses you. Duvessa attacks as you move away!
Duvessa hits you with a +0 rapier.
* * * LOW HITPOINT WARNING * * *
Duvessa attacks as you move away! Duvessa hits you with a +0 rapier!
You die...

##≈#≈.><....####.#
#..........
##≈###..#######.###
##....<.... ### ####
##.....### #.........
###.....#..###.........
###........#...##........
###..#.......###..#........
###..###........####.........
###..### ##........#
##........ ###..###
##..@....# ###...... #...##
#.#e####### #...... ..###
###.......# #...... ###
#.......####...### #
#.........##..#### .#
###.......#.#.......
#.....##.........#.........
.......#.#########).####...
.........# ##..####.....


You could see Duvessa (berserk).

Vanquished Creatures
  A water moccasin (D:6)
  A sky beast (D:6)
  Pargi (D:3)
  2 black bears (D:5)
  An ogre (D:6)
  A phantom (D:5)
  A bullfrog (D:6)
  A gnoll sergeant (D:6)
  A scorpion (D:5)
  2 necrophages (D:4)
  Dowan (D:6)
  5 killer bees (D:5)
  A howler monkey (D:6)
  4 centaur zombies (D:6)
  2 bullfrog zombies (D:6)
  3 orc priests
  A hound (D:5)
  2 iguanas
  A killer bee zombie (D:6)
  12 gnolls
  9 adders
  2 worms (D:2)
  2 dart slugs
  11 orcs
  3 ball pythons
  7 bats
  5 endoplasms
  4 giant cockroaches
  8 goblins
  9 hobgoblins
  6 kobolds
  3 quokkas
  6 frilled lizards
  5 rats
124 creatures vanquished.

Vanquished Creatures (others)
  12 plants (D:3)
12 creatures vanquished.

Grand Total: 136 creatures vanquished

Notes
Turn   | Place    | Note
-------+----------+-------------------------------------------
     0 | D:1      | gruber the Tengu Conjurer began the quest for the Orb.
     0 | D:1      | Reached XP level 1. HP: 10/10 MP: 4/4
   255 | D:1      | Reached XP level 2. HP: 15/15 MP: 1/6
   411 | D:1      | Reached skill level 6 in Conjurations
   821 | D:1      | Learned a level 2 spell: Searing Ray
   948 | D:2      | Reached XP level 3. HP: 19/19 MP: 2/7
  1117 | D:2      | Identified the amulet of Bacepnoa {Spirit rPois}
  1196 | D:2      | Identified the +1 leather armour of Compassion {rC++}
  1521 | D:2      | Reached skill level 7 in Conjurations
  1521 | D:2      | Reached XP level 4. HP: 24/24 MP: 2/8
  2221 | D:3      | Found a faded altar of an unknown god.
  2388 | D:3      | Found Zin's Purification Station.
  2391 | D:3      | Found a glowing silver altar of Zin.
  2398 | D:3      | Gained mutation: Your magical nature lets you fly swiftly
                  | and evasively. [Tengu growth]
  2398 | D:3      | Reached XP level 5. HP: 28/28 MP: 7/10
  2976 | D:3      | Noticed Pargi
  2986 | D:3      | Gained mutation: You are partially covered in large bone
                  | plates. (SH +4) [potion of mutation]
  2986 | D:3      | Gained mutation: You have a pair of small antennae on your
                  | head. [potion of mutation]
  2986 | D:3      | Gained mutation: You are agile. (Dex +4, Str/Int -1)
                  | [potion of mutation]
  2991 | D:3      | Killed Pargi
  2992 | D:3      | Reached skill level 8 in Conjurations
  2992 | D:3      | Reached XP level 6. HP: 7/32 MP: 0/12
  4078 | D:4      | Reached skill level 1 in Armour
  4531 | D:4      | Found a hide-covered altar of Uskayaw.
  4551 | D:4      | Reached XP level 7. HP: 27/36 MP: 3/14
  4892 | D:4      | You are sucked into a shaft and drop 1 floor!
  4892 | D:5      | Entered Level 5 of the Dungeon
  5056 | D:5      | Reached skill level 5 in Armour
  5597 | D:5      | Reached skill level 1 in Shields
  5597 | D:5      | Reached XP level 8. HP: 41/41 MP: 9/15
  5919 | D:5      | Found a staircase to the Ecumenical Temple.
  5929 | D:5      | Reached skill level 9 in Conjurations
  6311 | Temple   | Entered the Ecumenical Temple
  6320 | Temple   | Became a worshipper of Vehumet
  6570 | D:6      | Reached skill level 10 in Conjurations
  6825 | D:6      | Found a basalt altar of Yredelemnul.
  7003 | D:6      | Found a shimmering altar of Xom.
  7086 | D:6      | Reached skill level 11 in Conjurations
  7145 | D:6      | Found Koxzibb's Antique Armour Shop.
  7235 | D:6      | Reached XP level 9. HP: 45/45 MP: 8/16
  7498 | D:6      | Reached skill level 12 in Conjurations
  7676 | D:6      | Noticed Dowan
  7700 | D:6      | Killed Dowan
  7713 | D:6      | Noticed Duvessa
  7726 | D:6      | Mangled by Duvessa

Illustrated notes

Levels and vault maps discovered:
D:1:      dpeg_arrival_rhombus, layout_loops_ring
D:2:      layout_basic, minmay_statues_item
D:3:      minmay_bubble_buster, layout_loops_cross, zin_purify,
          ebering_ecumenical_altar_mist, minmay_fountain_box,
          guppyfry_early_lair_pool, uniq_pargi
D:4:      layout_basic, nicolae_overflow_crystal_walls
D:5:      layout_loops_ring, minmay_temple_entry_arrows
D:6:      layout_cave_pods, nicolae_yredelemnul_corpse_copse,
          mainiacjoe_overflow_concentric_impassable, serial_shops,
          nicolae_stop_n_shop_1, nicolae_water_bricks, minmay_crystal_room,
          uniq_duvessa
Temple:   nicolae_temple_ecumenical_triangle

Skill      XL: |  1  2  3  4  5  6  7  8  9 |
---------------+----------------------------+-----
Conjurations   | 6 7 8 11 12 | 12.3
Spellcasting   | 3 4 |  4.2
Armour         | 3 6 |  6.0
Shields        | 1 3 |  3.0
Dodging        | |  2.1
Stealth        | |  2.0

Action                   |  1- 3 |  4- 6 |  7- 9 || total
-------------------------+-------+-------+-------++-------
Melee: Unarmed           |     2 |     5 |     1 ||     8
       Kick              |     1 |     1 |     6 ||     8
       Mace              |       |       |    10 ||    10
       Peck              |       |       |     3 ||     3
 Cast: Magic Dart        |    58 |    69 |    39 ||   166
       Searing Ray       |       |    16 |    33 ||    49
  Use: Potion            |       |     2 |       ||     2
Armor: Robe              |     4 |     1 |       ||     5
       Skin              |       |    12 |       ||    12
       Leather armour    |       |     2 |    24 ||    26
Dodge: Dodged            |     1 |     9 |    51 ||    61
Block: Other             |       |     1 |    20 ||    21

Table legend: (Time is in decaauts)
 A = Elapsed time spent in this place.
 B = Non-inter-level travel time spent in this place.
 C = Inter-level travel time spent in this place.
 D = Time resting spent in this place.
 E = Time spent auto-exploring this place.
 F = Levels seen in this place.
 G = Mean time per level.
                   A        B        C        D        E       F      G
               +--------+--------+--------+--------+--------+-----+--------+
         Total |   7483 |   7262 |    221 |    543 |   5926 |   7 | 1069.0 |
       Dungeon |   7466 |   7254 |    212 |    543 |   5926 |   6 | 1244.3 |
        Temple |     17 |      9 |      8 |      0 |      0 |   1 |   17.0 |
               +--------+--------+--------+--------+--------+-----+--------+

Top non-repeatable levels by time:
     D:3: 1719 daAuts
     D:5: 1365 daAuts
     D:6: 1317 daAuts
     D:2: 1301 daAuts
     D:4: 911 daAuts
     D:1: 851 daAuts
  Temple: 17 daAuts
